 Dungeon Crawl Stone Soup version 0.30-a0-1043-g60ff8d5f49 (webtiles) character file.

Game seed: 2787226985349572137

42 coolio the Digger (level 3, -1/31 HPs)
             Began as an Ogre Earth Elementalist on Apr 9, 2023.
             Succumbed to Sigmund's poison
             ... on level 3 of the Dungeon.
             The game lasted 00:01:41 (1638 turns).

coolio the Digger (Ogre Earth Elementalist)         Turns: 1638, Time: 00:01:42

Health: -1/31      AC:  3    Str: 14    XL:     3   Next: 54%
Magic:  15/16      EV:  9    Int: 16    God:
Gold:   90         SH:  0    Dex:  9    Spells: 6/7 levels left

rFire   . . .      SeeInvis .    c - +0 mace
rCold   . . .      Faith    .    (no shield)
rNeg    . . .      Spirit   .    a - +0 robe
rPois   .          Reflect  .    (helmet restricted)
rElec   .          Rampage  .    (no cloak)
rCorr   .                        (gloves unavailable)
Will    .....                    (boots unavailable)
Stlth   +                        h - amulet of magic regeneration
HPRegen 0.25/turn                l - ring of magical power
MPRegen 0.55/turn                (no ring)

@: lethally poisoned (-1 -> -27)
A: large, unfitting armour, tough skin 1
a: no special abilities


You were on level 3 of the Dungeon.
You visited 1 branch of the dungeon, and saw 3 of its levels.

You collected 90 gold pieces.

Inventory:

Hand Weapons
 c - a +0 mace (weapon)
Armour
 a - a +0 robe (worn)
Jewellery
 h - an amulet of magic regeneration (around neck)
 l - a ring of magical power (left hand)
Scrolls
 d - 3 scrolls of vulnerability {unknown}
 e - a scroll of poison {unknown}
 f - a scroll of noise {unknown}
 g - 3 scrolls of identify {unknown}
 k - a scroll of summoning {unknown}
 o - a scroll of fear {unknown}
 q - a scroll of blinking {unknown}
 r - a scroll of immolation {unknown}
Potions
 b - 2 potions of magic
 i - 2 potions of flight {unknown}
 j - a potion of brilliance {unknown}
 m - a potion of ambrosia {unknown}
 n - a potion of resistance {unknown}
 p - 2 potions of curing {unknown}
 s - a potion of haste {unknown}


   Skills:
 * Level 1.1 Maces & Flails
 - Level 1.8 Dodging
 - Level 1.4 Stealth
 + Level 2.7 Spellcasting
 * Level 1.7 Transmutations
 * Level 3.1 Earth Magic


You had 6 spell levels left.
You knew the following spells:

 Your Spells              Type           Power      Damage    Failure   Level
a - Sandblast             Erth           24%        2d8       5%          1

Your spell library contained the following spells:

 Spells                   Type           Power      Damage    Failure   Level
 Passwall                 Tmut/Erth      8%         N/A       11%         2
 Apportation              Tloc           4%         N/A       19%         1
 Magic Dart               Conj           8%         1d3       19%         1
 Necrotise                Necr           8%         1d4       19%         1
 Summon Small Mammal      Summ           8%         N/A       19%         1
 Searing Ray              Conj           4%         2d4       28%         2
 Stone Arrow              Conj/Erth      14%        3d7       30%         3
 Petrify                  Tmut/Erth      10%        N/A       56%         4
 Fulminant Prism          Conj/Hex       1%         3d5       88%         4
 Blade Hands              Tmut           3%         N/A       95%         5
 Alistair's Intoxication  Tmut/Pois      3%         N/A       98%         5
 Irradiate                Conj/Tmut      2%         3d12      98%         5
 Dragon Form              Tmut           3%         N/A       100%        7


Dungeon Overview and Level Annotations

Branches:
Dungeon (3/15)

Altars:

Annotations:
D:3 Sigmund


Innate Abilities, Weirdness & Mutations

You are too large for most types of armour.
You have tough skin. (AC +1)


Message History

You add the spells Necrotise and Summon Small Mammal to your library.
You open the door.
Sigmund the Dreaded comes into view.
He is wielding a +3 scythe of venom.
Sigmund shouts!
Casting: Sandblast (safe; 5% risk of failure)
Confirm with . or Enter, or press ? or * to list all spells.
Aiming: Sandblast (safe; 5% risk of failure)
Press: ? - help, Shift-Dir - straight line, f - Sigmund
Aim: Sigmund, wielding a +3 scythe of venom and wearing a +0 robe (80% to hit)
The blast of sand hits Sigmund.
Sigmund is moderately wounded.
Sigmund says, "Now you see me, now you don't..."
Unknown command.
Casting: Sandblast (safe; 5% risk of failure)
Confirm with . or Enter, or press ? or * to list all spells.
Aiming: Sandblast (safe; 5% risk of failure)
Press: ? - help, Shift-Dir - straight line, f/p - Sigmund
Aim: Sigmund, wielding a +3 scythe of venom and wearing a +0 robe (moderately wounded, 80% to hit)
The blast of sand misses Sigmund.
Sigmund hits you from afar with a +3 scythe of venom!
You are poisoned.
Casting: Sandblast (safe; 5% risk of failure)
Confirm with . or Enter, or press ? or * to list all spells.
Aiming: Sandblast (safe; 5% risk of failure)
Press: ? - help, Shift-Dir - straight line, f/p - Sigmund
Aim: Sigmund, wielding a +3 scythe of venom and wearing a +0 robe (moderately wounded, 80% to hit)
The blast of sand hits Sigmund but does no damage.
Sigmund is moderately wounded.
You feel very sick.
Sigmund hits you from afar with a +3 scythe of venom!
* * * LOW HITPOINT WARNING * * *
You are more poisoned.
Casting: Sandblast (safe; 5% risk of failure)
Confirm with . or Enter, or press ? or * to list all spells.
Aiming: Sandblast (safe; 5% risk of failure)
Press: ? - help, Shift-Dir - straight line, f/p - Sigmund
Aim: Sigmund, wielding a +3 scythe of venom and wearing a +0 robe (moderately wounded, 80% to hit)
The blast of sand hits Sigmund!
Sigmund is heavily wounded.
You die...

#+#.#......+
#.#.#.....<#
#.#.#......#
#####'#.#......#
#.......'......#
#......##......#
#.......+......#
#.......#......##
##.......##.....@#
..####+#.#######'#
..# .# @.. ..# .#
....+ ..+ .....#
### ......# #
.......# #
........# #


You could see Sigmund.

Vanquished Creatures
  2 adders (D:2)
  2 dart slugs
  A ball python (D:2)
  3 goblins
  2 hobgoblins (D:1)
  2 quokkas (D:2)
  A bat (D:2)
  2 frilled lizards (D:1)
  3 kobolds
  A rat (D:1)
19 creatures vanquished.

Notes
Turn   | Place    | Note
-------+----------+-------------------------------------------
     0 | D:1      | coolio the Ogre Earth Elementalist began the quest for the
                  | Orb.
     0 | D:1      | Reached XP level 1. HP: 16/16 MP: 3/3
   298 | D:1      | Reached skill level 1 in Transmutations
   735 | D:1      | Reached XP level 2. HP: 24/24 MP: 5/5
   995 | D:2      | Reached skill level 3 in Earth Magic
  1127 | D:2      | Reached XP level 3. HP: 31/31 MP: 6/6
  1166 | D:2      | Reached skill level 1 in Maces & Flails
  1634 | D:3      | Noticed Sigmund
  1638 | D:3      | Succumbed to Sigmund's poison

Illustrated notes

Levels and vault maps discovered:
D:1:      dpeg_arrival_houses_and_road, layout_basic, nicolae_figureground_pulse
D:2:      layout_loops_cross
D:3:      layout_basic, nemelex_dance_club_becter, serial_shops,
          nicolae_shop_waterfront, uniq_sigmund

Skill      XL: |  1  2  3 |
---------------+----------+-----
Transmutations | 1 |  1.7
Earth Magic    | 3 |  3.1
Maces & Flails | 1 |  1.1
Dodging        | |  1.8
Stealth        | |  1.4
Spellcasting   | |  2.7

Action                     || total
---------------------------++-------
  Melee: Mace              ||    33
   Cast: Sandblast         ||    24
 Armour: Robe              ||     9
  Dodge: Dodged            ||    26

Table legend: (Time is in decaauts)
 A = Elapsed time spent in this place.
 B = Non-inter-level travel time spent in this place.
 C = Inter-level travel time spent in this place.
 D = Time resting spent in this place.
 E = Time spent auto-exploring this place.
 F = Levels seen in this place.
 G = Mean time per level.
                   A        B        C        D        E       F      G
               +--------+--------+--------+--------+--------+-----+--------+
         Total |   1660 |   1593 |     67 |      0 |   1358 |   3 |  553.3 |
       Dungeon |   1660 |   1593 |     67 |      0 |   1358 |   3 |  553.3 |
               +--------+--------+--------+--------+--------+-----+--------+

Top non-repeatable levels by time:
     D:1: 842 daAuts
     D:2: 720 daAuts
     D:3: 98 daAuts
